 Dungeon Crawl Stone Soup version 0.30-a0-883-g5ad918d77d (webtiles) character file.

Game seed: 10939550945181153970

165 CrazyBamboolord the Insei (level 5, -4/57 HPs)
             Began as a Merfolk Transmuter on Mar 17, 2023.
             Slain by an orc
             ... wielding a +0 club
              (5 damage)
             ... on level 3 of the Dungeon.
             The game lasted 00:04:50 (2750 turns).

CrazyBamboolord the Insei (Merfolk Transmuter)      Turns: 2750, Time: 00:04:51

Health: -4/57      AC:  2    Str: 10    XL:     5   Next: 46%
Magic:  8/8        EV: 16    Int: 15    God:
Gold:   163        SH:  0    Dex: 14    Spells: 3/9 levels left

rFire   . . .      SeeInvis .      - Unarmed
rCold   . . .      Faith    .    (no shield)
rNeg    . . .      Spirit   .    a - +0 robe
rPois   .          Reflect  .    g - melded +2 hat
rElec   .          Rampage  .    (no cloak)
rCorr   .                        (no gloves)
Will    .....                    (boots currently unavailable) Stlth
                                 (no amulet)
HPRegen 0.29/turn                (no ring)
MPRegen 0.11/turn                (no ring)

@: confused, berserking, appendages (expiring), very quick
A: horns 2, nimble swimmer 2, mertail
a: End Transformation


You were on level 3 of the Dungeon.
You had temporarily grown beastly horns.
You visited 1 branch of the dungeon, and saw 3 of its levels.

You collected 163 gold pieces.

Inventory:

Armour
 a - a +0 robe (worn)
 c - a scarf of harm
 g - a +2 hat (melded)
Wands
 h - a wand of paralysis (4)
Scrolls
 d - a scroll of identify {unknown}
 e - a scroll of immolation {unknown}
 f - a scroll of enchant weapon {unknown}
 i - a scroll of fear {unknown}
Potions
 b - a potion of lignification


   Skills:
 * Level 2.2 Fighting
 * Level 3.5 Dodging
 + Level 0.6 Stealth
 * Level 4.5 Unarmed Combat
 * Level 2.6 Spellcasting
 * Level 3.8 Transmutations
 * Level 1.2 Poison Magic


You had 3 spell levels left.
You knew the following spells:

 Your Spells              Type           Power      Damage    Failure   Level
a - Beastly Appendage     Tmut           26%        N/A       4%          1
b - Wereblood             Tmut           13%        N/A       7%          2
c - Spider Form           Tmut/Pois      9%         N/A       22%         3

Your spell library contained the following spells:

 Spells                   Type           Power      Damage    Failure   Level
 Necrotise                Necr           4%         1d4       22%         1
 Ice Form                 Ice/Tmut       7%         N/A       67%         4


Dungeon Overview and Level Annotations

Branches:
Dungeon (3/15)

Altars:
Fedhas
Sif Muna
Vehumet
Yredelemnul


Innate Abilities, Weirdness & Mutations

You have temporarily grown beastly horns.
You are very nimble when in or above water. (Stealth+, EV+, Speed+++)
Your lower body shifts to a powerful aquatic tail in water.


Message History

The orc wizard is heavily wounded.
The orc misses you.
The orc wizard points at you and mumbles some strange words.
The magic dart hits you! The orc barely misses you.
You hit the orc wizard.
The orc wizard is heavily wounded.
The orc barely misses you.
The orc wizard mumbles some strange words.
The orc wizard flickers and vanishes!
Deactivating autopickup; reactivate with Ctrl-A.
The orc barely misses you.
You hit something but do no damage. You tail-slap something.
The orc completely misses you. Something hits you.
* * * LOW HITPOINT WARNING * * *
The orc hits you with a +0 club.
* * * LOW HITPOINT WARNING * * *
Unknown command.
You hit something. The orc barely misses you.
You hear some strange, mumbled words.
You are confused.
The orc hits you with a +0 club.
* * * LOW HITPOINT WARNING * * *
You bump into the rock wall.
The orc barely misses you. Something hits you.
* * * LOW HITPOINT WARNING * * *
The orc hits you with a +0 club.
* * * LOW HITPOINT WARNING * * *
Unknown command.
It was a potion of berserk rage.
A red film seems to cover your vision as you go berserk!
You feel yourself moving faster!
You feel mighty! The orc closely misses you. Something hits you.
* * * LOW HITPOINT WARNING * * *
The orc hits you with a +0 club.
* * * LOW HITPOINT WARNING * * *
You bump into the rock wall.
You feel a strong urge to attack something.
The orc hits you with a +0 short sword.
* * * LOW HITPOINT WARNING * * *
The orc hits you with a +0 club.
You die...

#.##.#
~.###....###.~~P...#
.....#
.P~~≈~#......#~≈~.##.##
..#### .~~~
≈........≈~.##.## ..+
.#
#.~~≈~#......#≈≈~..##
..##.#
(..~~###....###~#.##
.....#
#..P~~#......#.~.##
.....# #..~~.......~~##
.....# #.~{o....~~##
.....# ##)@o....###
.....# #####+### .....#
....## ....# ....##
.>...# .###.# .....#


You could see 2 orcs.

Vanquished Creatures
  2 orc priests (D:3)
  Ijyb (D:2)
  2 adders (D:2)
  3 worms
  4 orcs
  6 ball pythons
  3 bats
  4 endoplasms
  2 giant cockroaches
  3 goblins (D:1)
  7 hobgoblins
  2 jackals (D:1)
  A quokka (D:2)
  A frilled lizard (D:3)
  9 kobolds
  5 rats
55 creatures vanquished.

Vanquished Creatures (others)
  2 plants (D:3)
2 creatures vanquished.

Grand Total: 57 creatures vanquished

Notes
Turn   | Place    | Note
-------+----------+-------------------------------------------
     0 | D:1      | CrazyBamboolord the Merfolk Transmuter began the quest for
                  | the Orb.
     0 | D:1      | Reached XP level 1. HP: 15/15 MP: 3/3
   240 | D:1      | Reached XP level 2. HP: 14/21 MP: 3/5
   541 | D:1      | Reached XP level 3. HP: 26/26 MP: 6/6
   544 | D:1      | Learned a level 2 spell: Wereblood
   548 | D:1      | Learned a level 3 spell: Spider Form
  1027 | D:2      | Found a faded altar of an unknown god.
  1072 | D:2      | Got Plato's Spellbook of Lamentation
  1110 | D:2      | Reached skill level 4 in Unarmed Combat
  1213 | D:2      | Reached XP level 4. HP: 26/33 MP: 5/7
  1960 | D:3      | Found a shimmering blue altar of Sif Muna.
  1962 | D:3      | Found a radiant altar of Vehumet.
  1964 | D:3      | Found a blossoming altar of Fedhas.
  1966 | D:3      | Found a basalt altar of Yredelemnul.
  2417 | D:3      | Noticed Ijyb
  2556 | D:2      | Paralysed by Ijyb for 3 turns
  2561 | D:2      | Killed Ijyb
  2671 | D:3      | Reached skill level 1 in Poison Magic
  2671 | D:3      | Reached XP level 5. HP: 34/38 MP: 8/8
  2749 | D:3      | HP: 2/57 [orc/+0 club (1)]
  2750 | D:3      | Slain by an orc

Illustrated notes

Levels and vault maps discovered:
D:1:      amcnicky_arrival_underground_garden, layout_basic,
          minmay_misc_feat_nine_boxes, minmay_misc_feat_room
D:2:      layout_basic, shapermc_ecumenical_altar_rom_forum, chequers_garden
D:3:      wad_lake_hut, layout_basic, minitemple,
          amcnicky_mini_corridor_feature, uniq_ijyb

Skill      XL: |  1  2  3  4 |
---------------+-------------+-----
Transmutations | 3 |  3.8
Dodging        | 3 |  3.5
Unarmed Combat | 4 |  4.5
Fighting       | 2 |  2.2
Poison Magic   | 1 |  1.2
Stealth        | |  0.6
Spellcasting   | |  2.6

Action                     |  1- 3 |  4- 6 || total
---------------------------+-------+-------++-------
  Melee: Unarmed           |   101 |    69 ||   170
         Headbutt          |    16 |    10 ||    26
         Punch             |     1 |     1 ||     2
         Tailslap          |       |     2 ||     2
   Cast: Beastly Appendage |    26 |    16 ||    42
  Evoke: Wand              |       |     2 ||     2
    Use: Potion            |       |     3 ||     3
   Stab: Sleeping          |     2 |     1 ||     3
         Paralysed         |       |     4 ||     4
 Armour: Robe              |    15 |    12 ||    27
         Skin              |       |     1 ||     1
  Dodge: Dodged            |    62 |    46 ||   108

Table legend: (Time is in decaauts)
 A = Elapsed time spent in this place.
 B = Non-inter-level travel time spent in this place.
 C = Inter-level travel time spent in this place.
 D = Time resting spent in this place.
 E = Time spent auto-exploring this place.
 F = Levels seen in this place.
 G = Mean time per level.
                   A        B        C        D        E       F      G
               +--------+--------+--------+--------+--------+-----+--------+
         Total |   2738 |   2661 |     77 |    170 |   2026 |   3 |  912.7 |
       Dungeon |   2738 |   2661 |     77 |    170 |   2026 |   3 |  912.7 |
               +--------+--------+--------+--------+--------+-----+--------+

Top non-repeatable levels by time:
     D:2: 1119 daAuts
     D:1: 982 daAuts
     D:3: 635 daAuts
